 Dungeon Crawl Stone Soup version 0.27-a0-1139-g28e009f8a6 (webtiles) character file.

Game seed: 6384544339407068908

31 Dordric the Ruffian (level 3, -3/31 HPs)
             Began as a Ghoul Monk on May 7, 2021.
             Slain by a worm (10 damage)
             ... on level 2 of the Dungeon.
             The game lasted 00:01:04 (1315 turns).

Dordric the Ruffian (Ghoul Monk)                    Turns: 1315, Time: 00:01:05

Health: -3/31      AC:  2    Str: 14    XL:     3   Next: 22%
Magic:  2/2        EV: 12    Int:  5    God:
Gold:   41         SH:  0    Dex: 12    Spells: 2/2 levels left

rFire    . . .     SeeInvis .     - Unarmed
rCold    + . .     Faith    .   (no shield)
rNeg     + + +     Spirit   .   a - +0 robe
rPois    ∞         Reflect  .   (no helmet)
rElec    .         Harm     .   (no cloak)
rCorr    .         Rampage  .   (no gloves)
Will     .....                  (no boots)
Stlth    ++........             (no amulet)
HPRegen  0.00/turn              (no ring)
MPRegen  0.08/turn              (no ring)

@: no status effects
A: claws 1, cold resistance 1, negative energy resistance 3, inhibited
regeneration, torment resistance 2, unbreathing 1
a: no special abilities


You were on level 2 of the Dungeon.
You visited 1 branch of the dungeon, and saw 2 of its levels.

You collected 41 gold pieces.

Inventory:

Armour
 a - a +0 robe (worn)
Jewellery
 d - a ring of protection from cold
Scrolls
 b - a scroll of enchant armour {unknown}
 c - a scroll of enchant weapon {unknown}
 e - a scroll of identify {unknown}


   Skills:
 - Level 3.2 Fighting
 - Level 2.6 Dodging
 + Level 3.2 Stealth
 + Level 4.1 Unarmed Combat


You had 2 spell levels left.
You didn't know any spells.
Your spell library was empty.

Dungeon Overview and Level Annotations

Branches:
Dungeon (2/15)

Altars:


Innate Abilities, Weirdness & Mutations

You thrive by killing the living.
You are immune to poison.
You have sharp fingernails.
Your flesh is cold resistant. (rC+)
You are immune to negative energy. (rN+++)
You do not regenerate when monsters are visible.
You are immune to unholy pain and torment.
You can survive without breathing.


Message History

You are too injured to fight recklessly!
You are too injured to fight recklessly!
You are too injured to fight recklessly!
You are too injured to fight recklessly!
You are too injured to fight recklessly!
You are too injured to fight recklessly!
You barely miss the adder.
The adder is almost dead.
The adder bites you but does no damage.
You scratch the adder.
The adder is almost dead.
The adder misses you.
You miss the adder.
The adder is almost dead.
The adder bites you.
You scratch the adder but do no damage.
The adder is almost dead.
The adder bites you.
You claw the adder!
You kill the adder!
Your Unarmed Combat skill increases to level 4!
You have reached level 3!
Your experience leads to an increase in your attributes!
Increase (S)trength, (I)ntelligence, or (D)exterity?
You feel agile.
You scratch the worm.
The worm is lightly wounded.
You scratch the worm.
The worm is moderately wounded.
The worm barely misses you.
You completely miss the worm.
The worm is lightly wounded.
You claw the worm!
The worm is severely wounded.
The worm bites you.
* * * LOW HITPOINT WARNING * * *
You completely miss the worm.
The worm is heavily wounded.
The worm bites you!
You die...

######## #......#
########......##
.......'......+.
########......## #......##
############ #......##
...........###########......##
...........rw@................
...........################.#.
...........# ##+##
...........# #....
...........# #....
.(.........# . #....
...........# ....###+##
$.S........# ..........
..........


You could see a worm and a rat.

Vanquished Creatures
  An adder (D:2)
  4 ball pythons
  3 endoplasms
  3 goblins (D:1)
  3 jackals (D:2)
  2 kobolds (D:1)
  A bat (D:1)
  5 rats
22 creatures vanquished.

Vanquished Creatures (others)
  A ball python (D:1)
  A fungus (D:2)
2 creatures vanquished.

Grand Total: 24 creatures vanquished

Notes
Turn   | Place    | Note
-------+----------+-------------------------------------------
     0 | D:1      | Dordric the Ghoul Monk began the quest for the Orb.
     0 | D:1      | Reached XP level 1. HP: 19/19 MP: 0/0
   494 | D:1      | Reached XP level 2. HP: 25/26 MP: 1/1
  1141 | D:2      | Found a faded altar of an unknown god.
  1311 | D:2      | Reached skill level 4 in Unarmed Combat
  1311 | D:2      | Reached XP level 3. HP: 9/31 MP: 2/2
  1315 | D:2      | Slain by a worm

Illustrated notes

Levels and vault maps discovered:
D:1:      dpeg_arrival_round_b, layout_basic, lemuel_flame_loot_1
D:2:      layout_basic, ebering_ecumenical_altar_abandoned,
          minmay_misc_feat_hallway, minmay_gold_behind_fungi

Skill      XL: |  1  2 |
---------------+-------+-----
Stealth        | 3 |  3.2
Unarmed Combat | 4 |  4.1
Fighting       | |  3.2
Dodging        | |  2.6

Action                   || total
-------------------------++-------
Melee: Unarmed           ||    77
 Stab: Sleeping          ||     3
Armor: Robe              ||     9
Dodge: Dodged            ||    43

Table legend: (Time is in decaauts)
 A = Elapsed time spent in this place.
 B = Non-inter-level travel time spent in this place.
 C = Inter-level travel time spent in this place.
 D = Time resting spent in this place.
 E = Time spent auto-exploring this place.
 F = Levels seen in this place.
 G = Mean time per level.
                   A        B        C        D        E       F      G
               +--------+--------+--------+--------+--------+-----+--------+
         Total |   1309 |   1278 |     31 |      0 |   1110 |   2 |  654.5 |
       Dungeon |   1309 |   1278 |     31 |      0 |   1110 |   2 |  654.5 |
               +--------+--------+--------+--------+--------+-----+--------+

Top non-repeatable levels by time:
     D:1: 1130 daAuts
     D:2: 178 daAuts
